 Dungeon Sprint DCSS version 0.17.0-28-g6e173f8 (webtiles) character file.

52679 Kidiri the Unseen (level 12, -5/69 HPs)
             Began as a Spriggan Enchanter on Nov 27, 2015.
             Was the Champion of Dithmenos.
             Killed by the air
             ... invoked by Gastronok
              (45 damage)
             ... in the Dungeon (Sprint III: "The Ten Rune Challenge").
             The game lasted 00:20:30 (4088 turns).

Kidiri the Unseen (Spriggan Enchanter)              Turns: 4088, Time: 00:20:30

Health: -5/69      AC:  5    Str:  4    XL:     12   Next: 82%
Magic:  8/32       EV: 34    Int: 19    God:    Dithmenos [******]
Gold:   23         SH:  0    Dex: 19    Spells: 11 memorised, 5 levels left

rFire  . . .     SeeInvis +     l - +2 dagger (venom)
rCold  . . .     Clarity  .     b - +1 robe
rNeg   . . .     SustAt   .     (shield restricted)
rPois  +         Gourm    .     e - +2 hat
rElec  +         Spirit   .     (no cloak)
rCorr  .         Warding  .     (gloves unavailable)
rMut   .         NoTele   +     (boots unavailable)
MR     ++...                    (no amulet)
Stlth  ++++++++++               (no ring)
                                (no ring)

@: wreathed by umbra, very quick, very resistant to hostile enchantments,
uncannily stealthy
A: unfitting armour, see invisible, herbivore 3, speed 3, mutation resistance 1,
poison resistance, robust 1, electricity resistance, slow metabolism 2
a: Shadow Step, Shadow Form, Renounce Religion
}: 2/10 runes: decaying, barnacled


You were in the Dungeon.
You worshipped Dithmenos.
Dithmenos was exalted by your worship.
You were not hungry.

You visited 1 branch You collected 23 gold pieces.

Inventory:

Hand Weapons
 l - a +2 dagger of venom (weapon)
Missiles
 x - 10 throwing nets (quivered)
Armour
 b - a +1 robe (worn)
 d - an ice dragon hide
 e - a +2 hat (worn)
Wands
 v - a wand of polymorph (9)
Scrolls
 a - a scroll of torment {unknown}
 j - a scroll of blinking
 m - 2 scrolls of identify {unknown}
 n - 2 scrolls of remove curse
 r - a scroll of holy word {unknown}
 s - a scroll of recharging {unknown}
Potions
 c - a potion of berserk rage
 f - a potion of heal wounds
 g - a potion of haste
 h - 2 potions of magic
 k - a potion of might
 p - a potion of cure mutation {unknown}
 q - 2 potions of flight {unknown}
 t - a potion of curing
 w - 2 potions of beneficial mutation {unknown}
Books
 u - a book of Ice

   Spells                             Type                      Level
   a - Ice Form                       Ice/Transmutation            4
   b - Metabolic Englaciation         Hexes/Ice                    5
   c - Ozocubu's Refrigeration        Ice                          6
   d - Bolt of Cold                   Conjuration/Ice              6
   e - Freezing Cloud                 Conjuration/Ice/Air          6
   f - Simulacrum                     Ice/Necromancy               6
Comestibles
 i - 28 royal jellies
 o - 12 fruits


   Skills:
 + Level 7.5 Fighting
 * Level 13.8 Short Blades
 + Level 7.0 Armour
 * Level 17.5 Dodging
 * Level 18.7 Stealth
 * Level 15.1 Spellcasting
 + Level 6.8 Conjurations
 + Level 11.2 Hexes
 + Level 11.1 Charms
 + Level 11.2 Translocations
 + Level 7.4 Ice Magic
 - Level 3.3 Invocations


You had 5 spell levels left.
You knew the following spells:

 Your Spells              Type           Power        Failure   Level  Hunger
a - Corona                Hex            ######.      1%          1    None
b - Ensorcelled Hibernat  Hex/Ice        #####.       1%          2    None
c - Confuse               Hex            ######..     1%          3    None
d - Tukima's Dance        Hex            ######..     1%          3    None
e - Dazzling Spray        Conj/Hex       #####...     1%          3    None
f - Apportation           Tloc           ######....   1%          1    None
g - Shroud of Golubria    Chrm/Tloc      ######....   1%          2    None
h - Passage of Golubria   Tloc           N/A          1%          4    None
i - Metabolic Englaciati  Hex/Ice        #####.....   2%          5    ###....
j - Ozocubu's Refrigerat  Ice            #####.....   34%         6    #####..
k - Bolt of Cold          Conj/Ice       #####.....   41%         6    #####..


Dungeon Overview and Level Annotations

Branches:
Dungeon (1/1)

Altars:
Cheibriados
Dithmenos
Elyvilon
Fedhas
Gozag
Kikubaaqudgha
Makhleb
Nemelex Xobeh
Okawaru
Qazlal
Ru
Sif Muna
Trog
Vehumet
Xom
Yredelemnul
Zin
The Shining One
Jiyva
Lugonu

Shops:
D :?(?(=

Annotations:
D Gastronok


Innate Abilities, Weirdness & Mutations

You are tiny and cannot use many weapons and most armour.
You have supernaturally acute eyesight.
You are a herbivore.
You cover ground extremely quickly.
You need consume almost no food.
You are somewhat resistant to further mutation.
Your system is resistant to poisons.
You are robust (+10% HP).
You are resistant to electric shocks.


Message History

The dire elephant is heavily wounded.
The dire elephant completely misses you.
The dire elephant misses you.
You hit the dire elephant but do no damage.
The dire elephant looks even sicker.
The dire elephant is heavily wounded.
Casting: Ensorcelled Hibernation
Confirm with . or Enter, or press ? or * to list all spells.
Aiming: Dazzling Spray
Press: ? - help, Shift-Dir - straight line, f - dire elephant
Aim: a dire elephant (black smoke, heavily wounded, poisoned, umbra)
The spray of energy hits the dire elephant.
The dire elephant is heavily wounded.
Your shadow mimicks your spell!
The shadow shard hits the dire elephant.
The dire elephant barely misses you. The dire elephant misses you.
Gastronok waves his eye-stalks in wide circles.
The air twists around and strikes you!
Ouch! That really hurt!
You die...

▓.................#___#_.+...
▓▓▓▓▓▓▓▓▓▓▓▓▓▓▓▓▓▓▓▓▓▓▓▓▓▓▓▓▓
▓...+≈≈§≈§≈≈≈≈♣♣.....♣♣♣♣≈≈≈
▓Y.P#≈≈≈≈§≈§≈.♣♣.≈≈≈≈+♣♣'♣≈≈
▓YPP#≈≈≈≈§§§≈≈≈'...%%#.≈♣♣♣♣
▓..P#≈≈≈§≈§§≈≈♣♣♣♣♣♣♣#..♣♣
▓..%#≈.≈≈§≈≈≈≈♣ ###+♣♣♣
▓##w####+#######♣ ♣♣♣♣.##.
▓.......w.Y@)...♣♣ ♣...##.#
▓#+#############+♣ ♣♣.##.##
...#≈P..........♣ ♣..#.##
▓...+≈≈...########♣♣ ♣♣.##.#
▓JJ.#≈≈≈.........PP♣ ♣♣.##.#
▓JJ.#≈≈≈≈P........P♣ ♣.....#
#+#############+#### #######
#.♣♣ #♣.♣


You could see Gastronok and a dire elephant.

Vanquished Creatures
  Rupert (D)
  A kraken (D)
  Maud (D)
  A dire elephant (D)
  Erolcha (D)
  3 hydras (D)
  4 ice dragons (D)
  An alligator snapping turtle (D)
  4 death yaks (D)
  A death drake (D)
  A lindwurm (D)
  A spriggan druid (D)
  An elephant (D)
  2 black mambas (D)
  2 spiny frogs (D)
  A komodo dragon (D)
  A fire drake (D)
  A deep elf priest (D)
  A queen bee (D)
  3 wandering mushrooms (D)
  8 blink frogs (D)
  A shadow (D)
  5 snapping turtles (D)
  2 trapdoor spiders (D)
  4 redbacks (D)
  2 spriggans (D)
  2 hill giants (D)
  A hydra simulacrum (D)
  A spatial vortex (D)
  A swamp drake (D)
  A necrophage (D)
  3 two-headed ogres (D)
  2 brain worms (D)
  A water elemental (D)
  32 killer bees (D)
  An electric eel (D)
  A wizard (D)
  A jelly (D)
  A wolf (D)
  Jessica (D)
  A necromancer (D)
  A kobold demonologist (D)
  3 humans (D)
  2 swamp drake simulacra (D)
  An ooze (D)
  2 rats (D)
113 creatures vanquished.

Vanquished Creatures (others)
  2 draconian scorchers (D)
  Nessos (D)
  3 yaktaurs (D)
  A fungus (D)
  7 plants (D)
  12 tentacles (D)
  43 tentacle segments (D)
69 creatures vanquished.

Grand Total: 182 creatures vanquished

Notes
Turn   | Place    | Note
--------------------------------------------------------------
     0 | D        | Kidiri the Spriggan Enchanter began the quest for the Orb.
     0 | D        | Reached XP level 1. HP: 9/9 MP: 5/5
    71 | D        | Noticed Jessica
    74 | D        | Killed Jessica
    74 | D        | Reached skill level 1 in Fighting
    74 | D        | Reached skill level 6 in Stealth
    74 | D        | Reached XP level 2. HP: 12/14 MP: 6/8
    74 | D        | Reached XP level 3. HP: 15/18 MP: 6/9
    78 | D        | Learned a level 2 spell: Ensorcelled Hibernation
    82 | D        | Learned a level 3 spell: Confuse
    86 | D        | Learned a level 3 spell: Dazzling Spray
   131 | D        | Killed a yaktaur
   158 | D        | Noticed a wolf
   158 | D        | Reached skill level 1 in Armour
   158 | D        | Reached skill level 5 in Dodging
   208 | D        | Killed a wolf
   208 | D        | Reached XP level 4. HP: 23/23 MP: 5/11
   236 | D        | Learned a level 3 spell: Tukima's Dance
   236 | D        | Gained mutation: You are resistant to electric shocks. [potion of mutation]
   236 | D        | Gained mutation: Your mind is acute. (Int +2) [potion of mutation]
   236 | D        | Lost mutation: Your mind is acute. (Int +2) [potion of mutation]
   237 | D        | Gained mutation: You are robust (+10% HP). [potion of mutation]
   237 | D        | Gained mutation: You are somewhat resistant to further mutation. [potion of mutation]
   238 | D        | Gained mutation: Your system is resistant to poisons. [potion of mutation]
   252 | D        | Killed a white draconian scorcher
   283 | D        | Noticed a water elemental
   302 | D        | Killed a water elemental
   302 | D        | Reached skill level 7 in Stealth
   302 | D        | Reached skill level 5 in Spellcasting
   302 | D        | Reached skill level 1 in Conjurations
   302 | D        | Reached skill level 1 in Ice Magic
   348 | D        | Killed a white draconian scorcher
   378 | D        | Noticed a jelly
   379 | D        | Noticed a shadow
   381 | D        | Killed a shadow
   381 | D        | Reached skill level 5 in Short Blades
   381 | D        | Reached skill level 8 in Dodging
   381 | D        | Reached skill level 9 in Stealth
   381 | D        | Reached skill level 5 in Hexes
   381 | D        | Reached XP level 5. HP: 29/29 MP: 13/15
   381 | D        | Reached XP level 6. HP: 35/35 MP: 13/16
   385 | D        | Killed a jelly
   404 | D        | Found a stormy altar of Qazlal.
   405 | D        | Found a sacrificial altar of Ru.
   405 | D        | Found a burning altar of Makhleb.
   405 | D        | Found a viscous altar of Jiyva.
   405 | D        | Found a shimmering altar of Xom.
   405 | D        | Found a shadowy altar of Dithmenos.
   405 | D        | Found a sparkling altar of Nemelex Xobeh.
   405 | D        | Found a corrupted altar of Lugonu.
   405 | D        | Found an opulent altar of Gozag.
   405 | D        | Noticed a spatial vortex
   409 | D        | Became a worshipper of Dithmenos the Shadowed
   438 | D        | Killed a spatial vortex
   438 | D        | Reached skill level 1 in Invocations
   553 | D        | Found a radiant altar of Vehumet.
   554 | D        | Found a deep blue altar of Sif Muna.
   554 | D        | Found an ancient bone altar of Kikubaaqudgha.
   554 | D        | Noticed a wizard
   555 | D        | Killed a wizard
   555 | D        | Reached skill level 10 in Stealth
   567 | D        | Noticed an ice devil
   569 | D        | Reached * piety under Dithmenos
   628 | D        | Killed Nessos
   736 | D        | Learned a level 1 spell: Apportation
   739 | D        | Learned a level 2 spell: Shroud of Golubria
   744 | D        | Learned a level 4 spell: Passage of Golubria
   761 | D        | Found a glowing silver altar of Zin.
   762 | D        | Found a glowing golden altar of the Shining One.
   762 | D        | Found a white marble altar of Elyvilon.
   762 | D        | Noticed a deep elf priest
   764 | D        | Killed a deep elf priest
   764 | D        | Reached XP level 7. HP: 39/39 MP: 17/19
   776 | D        | Found an iron altar of Okawaru.
   777 | D        | Found a bloodstained altar of Trog.
   777 | D        | Noticed a human
   777 | D        | Noticed a human
   779 | D        | Killed a human
   780 | D        | Killed a human
   780 | D        | Reached ** piety under Dithmenos
   780 | D        | Reached skill level 10 in Dodging
   780 | D        | Reached skill level 11 in Stealth
   780 | D        | Reached XP level 8. HP: 45/45 MP: 19/21
   794 | D        | Found a snail-covered altar of Cheibriados.
   794 | D        | Noticed a necrophage
   795 | D        | Found a basalt altar of Yredelemnul.
   795 | D        | Found a blossoming altar of Fedhas.
   795 | D        | Noticed a necromancer
   796 | D        | Killed a necrophage
   797 | D        | Killed a necromancer
   815 | D        | Noticed a two-headed ogre
   815 | D        | Noticed a two-headed ogre
   819 | D        | Noticed a two-headed ogre
   819 | D        | Killed a two-headed ogre
   825 | D        | Killed a two-headed ogre
   827 | D        | Killed a two-headed ogre
   827 | D        | Reached *** piety under Dithmenos
   836 | D        | Noticed a hill giant
   838 | D        | Killed a hill giant
   846 | D        | Learned a level 5 spell: Metabolic Englaciation
   906 | D        | Noticed a hill giant
   906 | D        | Noticed Erolcha
   908 | D        | Killed Erolcha
   908 | D        | Reached skill level 12 in Stealth
   908 | D        | Reached skill level 5 in Translocations
   908 | D        | Reached XP level 9. HP: 50/50 MP: 23/23
   909 | D        | Killed a hill giant
   909 | D        | Reached skill level 5 in Charms
   971 | D        | Noticed a redback
   972 | D        | Killed a yaktaur
   975 | D        | Noticed a trapdoor spider
   976 | D        | Killed a trapdoor spider
   976 | D        | Reached **** piety under Dithmenos
   990 | D        | Killed a redback
   990 | D        | Reached skill level 10 in Spellcasting
  1053 | D        | Noticed a trapdoor spider
  1058 | D        | Killed a trapdoor spider
  1058 | D        | Reached skill level 13 in Stealth
  1106 | D        | Noticed a killer bee
  1106 | D        | Noticed a killer bee
  1106 | D        | Noticed a killer bee
  1106 | D        | Noticed a killer bee
  1106 | D        | Noticed a killer bee
  1106 | D        | Noticed a killer bee
  1106 | D        | Noticed a killer bee
  1106 | D        | Noticed a killer bee
  1106 | D        | Noticed a killer bee
  1106 | D        | Noticed a killer bee
  1106 | D        | Noticed a queen bee
  1106 | D        | Noticed a killer bee
  1106 | D        | Noticed a killer bee
  1106 | D        | Noticed a killer bee
  1106 | D        | Noticed a killer bee
  1107 | D        | Noticed a killer bee
  1107 | D        | Noticed a killer bee
  1107 | D        | Noticed a killer bee
  1107 | D        | Noticed a killer bee
  1107 | D        | Noticed a killer bee
  1107 | D        | Noticed a killer bee
  1107 | D        | Noticed a killer bee
  1107 | D        | Noticed a killer bee
  1107 | D        | Noticed a killer bee
  1107 | D        | Noticed a killer bee
  1107 | D        | Noticed a killer bee
  1107 | D        | Noticed a killer bee
  1107 | D        | Noticed a killer bee
  1107 | D        | Noticed a killer bee
  1107 | D        | Noticed a killer bee
  1107 | D        | Noticed a killer bee
  1107 | D        | Noticed a killer bee
  1107 | D        | Noticed a killer bee
  1114 | D        | Killed a killer bee
  1116 | D        | Killed a killer bee
  1120 | D        | Killed a killer bee
  1120 | D        | Reached ***** piety under Dithmenos
  1125 | D        | Killed a killer bee
  1133 | D        | Killed a killer bee
  1139 | D        | Killed a killer bee
  1144 | D        | Killed a killer bee
  1145 | D        | Killed a killer bee
  1150 | D        | Killed a killer bee
  1152 | D        | Killed a killer bee
  1152 | D        | Killed a killer bee
  1154 | D        | Killed a killer bee
  1164 | D        | Killed a killer bee
  1169 | D        | Killed a killer bee
  1177 | D        | Killed a killer bee
  1178 | D        | Killed a killer bee
  1178 | D        | Reached ****** piety under Dithmenos
  1182 | D        | Killed a killer bee
  1189 | D        | Killed a killer bee
  1196 | D        | Killed a killer bee
  1196 | D        | Reached skill level 5 in Fighting
  1325 | D        | Killed a killer bee
  1332 | D        | Killed a killer bee
  1333 | D        | Killed a killer bee
  1334 | D        | Killed a killer bee
  1336 | D        | Killed a killer bee
  1337 | D        | Killed a killer bee
  1346 | D        | Killed a queen bee
  1346 | D        | Reached skill level 10 in Short Blades
  1346 | D        | Reached XP level 10. HP: 54/56 MP: 0/25
  1356 | D        | Killed a killer bee
  1362 | D        | Killed a killer bee
  1366 | D        | Killed a killer bee
  1368 | D        | Killed a killer bee
  1374 | D        | Killed a killer bee
  1498 | D        | Learned a level 6 spell: Ozocubu's Refrigeration
  1504 | D        | Killed a killer bee
  1526 | D        | Killed a killer bee
  1526 | D        | Reached skill level 5 in Ice Magic
  1621 | D        | Noticed a wandering mushroom
  1622 | D        | Noticed a wandering mushroom
  1622 | D        | Noticed a wandering mushroom
  1624 | D        | Killed a wandering mushroom
  1624 | D        | Reached skill level 14 in Stealth
  1650 | D        | Killed a wandering mushroom
  1876 | D        | Killed a wandering mushroom
  1921 | D        | Noticed a spiny frog
  1921 | D        | Noticed a komodo dragon
  1921 | D        | Noticed a spiny frog
  1928 | D        | Killed a spiny frog
  1930 | D        | Killed a spiny frog
  1933 | D        | Killed a komodo dragon
  1968 | D        | Noticed a redback
  1972 | D        | Killed a redback
  2045 | D        | Noticed a brain worm
  2048 | D        | Killed a brain worm
  2053 | D        | Noticed a brain worm
  2055 | D        | Killed a brain worm
  2058 | D        | Noticed a lindwurm
  2060 | D        | Noticed a redback
  2061 | D        | Killed a lindwurm
  2061 | D        | Reached skill level 5 in Armour
  2063 | D        | Killed a redback
  2063 | D        | Reached skill level 5 in Conjurations
  2068 | D        | Noticed a redback
  2069 | D        | Killed a redback
  2070 | D        | Noticed Maud
  2073 | D        | Killed Maud
  2073 | D        | Reached skill level 15 in Stealth
  2073 | D        | Reached XP level 11. HP: 59/61 MP: 26/28
  2084 | D        | Noticed an electric eel
  2085 | D        | Noticed a four-headed hydra
  2085 | D        | Noticed a six-headed hydra
  2093 | D        | Killed an electric eel
  2095 | D        | Killed a four-headed hydra
  2096 | D        | Killed a six-headed hydra
  2159 | D        | Noticed a death drake
  2161 | D        | Killed a death drake
  2184 | D        | Found a blossoming altar of Fedhas.
  2184 | D        | Noticed a spriggan
  2184 | D        | Noticed a spriggan druid
  2184 | D        | Noticed a spriggan
  2186 | D        | Killed a spriggan druid
  2186 | D        | Reached skill level 15 in Dodging
  2186 | D        | Reached skill level 16 in Stealth
  2190 | D        | Killed a spriggan
  2191 | D        | Killed a spriggan
  2256 | D        | Noticed a snapping turtle
  2257 | D        | Noticed a kraken
  2263 | D        | Killed a snapping turtle
  2415 | D        | Noticed a snapping turtle
  2419 | D        | Killed a snapping turtle
  2459 | D        | Killed a kraken
  2459 | D        | Reached skill level 10 in Hexes
  2534 | D        | Noticed a snapping turtle
  2534 | D        | Noticed an alligator snapping turtle
  2535 | D        | Noticed a snapping turtle
  2535 | D        | Noticed a snapping turtle
  2535 | D        | Found Toyhoxt's Jewellery Boutique.
  2535 | D        | Found Weoviyt's Antique Weapon Shop.
  2535 | D        | Found Dole's Magic Scroll Emporium.
  2536 | D        | Killed an alligator snapping turtle
  2538 | D        | Killed a snapping turtle
  2540 | D        | Killed a snapping turtle
  2541 | D        | Killed a snapping turtle
  2549 | D        | Got a barnacled rune of Zot
  2608 | D        | Learned a level 6 spell: Bolt of Cold
  2610 | D        | Noticed a swamp drake
  2610 | D        | Noticed a fire drake
  2611 | D        | Killed a fire drake
  2613 | D        | Killed a swamp drake
  2613 | D        | Reached skill level 17 in Stealth
  2623 | D        | Noticed a blink frog
  2624 | D        | Noticed a blink frog
  2624 | D        | Noticed a blink frog
  2624 | D        | Noticed a blink frog
  2624 | D        | Noticed a blink frog
  2625 | D        | Killed a blink frog
  2627 | D        | Killed a blink frog
  2629 | D        | Killed a blink frog
  2632 | D        | Killed a blink frog
  2632 | D        | Reached skill level 10 in Translocations
  2634 | D        | Killed a blink frog
  2647 | D        | Noticed Rupert
  2652 | D        | Killed Rupert
  2652 | D        | Reached skill level 10 in Charms
  2652 | D        | Reached XP level 12. HP: 68/68 MP: 25/31
  2681 | D        | Noticed a death yak
  2682 | D        | Noticed a death yak
  2682 | D        | Noticed a blink frog
  2683 | D        | Noticed an azure jelly
  2683 | D        | Noticed a death yak
  2683 | D        | Noticed an azure jelly
  2683 | D        | Noticed a blink frog
  2683 | D        | Noticed a death yak
  2684 | D        | Noticed a blink frog
  2702 | D        | Killed a death yak
  2707 | D        | Killed a death yak
  2710 | D        | Noticed a black mamba
  2712 | D        | Noticed a black mamba
  2717 | D        | Killed a black mamba
  2719 | D        | Killed a blink frog
  2723 | D        | Killed a death yak
  2883 | D        | Killed a black mamba
  2883 | D        | Reached skill level 18 in Stealth
  2894 | D        | Killed a blink frog
  2896 | D        | Killed a blink frog
  2946 | D        | Killed a death yak
  3062 | D        | Killed a yaktaur
  3079 | D        | Noticed an ice dragon
  3079 | D        | Noticed an ice dragon
  3310 | D        | Noticed an ice dragon
  3339 | D        | Killed an ice dragon
  3346 | D        | Killed an ice dragon
  3360 | D        | Found Qophazib's Book Shoppe.
  3360 | D        | Found Goijaj's Magic Scroll Boutique.
  3360 | D        | Found Yzynan's Antique Weapon Emporium.
  3405 | D        | Noticed an ice dragon
  3734 | D        | Killed an ice dragon
  3742 | D        | Killed an ice dragon
  3941 | D        | Noticed an eight-headed hydra
  3941 | D        | Noticed a seven-headed hydra simulacrum
  3943 | D        | Killed an eight-headed hydra
  3946 | D        | Killed a seven-headed hydra simulacrum
  3954 | D        | Got a decaying rune of Zot
  4044 | D        | Noticed an azure jelly
  4044 | D        | Noticed an azure jelly
  4045 | D        | Noticed an elephant
  4045 | D        | Noticed an elephant
  4045 | D        | Noticed a dire elephant
  4045 | D        | Noticed a dire elephant
  4045 | D        | Noticed Gastronok
  4072 | D        | Killed a dire elephant
  4072 | D        | Reached skill level 15 in Spellcasting
  4084 | D        | Killed an elephant
  4088 | D        | Killed from afar by Gastronok

Action                   |  1- 3 |  4- 6 |  7- 9 | 10-12 || total
-------------------------+-------+-------+-------+-------++-------
Melee: Dagger            |    20 |    35 |    82 |   162 ||   299
 Cast: Ensorcelled Hiber |     4 |       |    19 |    29 ||    52
       Tukima's Dance    |       |    10 |       |       ||    10
       Dazzling Spray    |       |       |     8 |    40 ||    48
       Confuse           |       |       |     5 |     3 ||     8
       Metabolic Englaci |       |       |     1 |       ||     1
       Shroud of Golubri |       |       |     1 |       ||     1
       Apportation       |       |       |       |     2 ||     2
Invok: Shadow Step       |       |       |       |    13 ||    13
  Use: Potion            |     1 |     4 |     1 |       ||     6
 Stab: Sleeping          |     4 |     4 |    17 |    41 ||    66
       Invisible         |       |       |     1 |    10 ||    11
       Confused          |       |       |     1 |     5 ||     6
  Eat: Bread ration      |       |       |       |     1 ||     1
